[Event "Titled Tuesday Blitz November 15 Late 2022"]
[White "Sattarov, Bobir"]
[Black "Palencia Morales, Wilson Guillermo"]
[WhiteFideId "14203081"]
[BlackFideId "4401859"]
[WhiteElo "2354"]
[BlackElo "2160"]
[Result "1-0"]
[Round "06"]
[TimeControl "180+1"]
[Date "2022.11.16"]
[WhiteClock "0:00:03"]
[BlackClock "0:00:03"]

1. e4 c5 2. Nc3 Nc6 3. Nge2 g6 4. d4 cxd4 5. Nxd4 Bg7 6. Be3 d6 7. Qd2 Nf6 8. f3 O-O 9. g4 Nxd4 10. Bxd4 Be6 11. Nd5 Bxd5 12. exd5 Nd7 13. Bxg7 Kxg7 14. O-O-O Qb6 15. h4 h6 16. h5 g5 17. f4 gxf4 18. Qxf4 Ne5 19. g5 Rac8 20. Bd3 Qc5 21. gxh6+ Kh8 22. Qe4 f5 23. Qe2 Qxd5 24. Bxf5 Qxa2 25. Bxc8 Nc4 26. c3 Qa1+ 27. Kc2 Qxb2+ 28. Kd3 Ne5+ 29. Ke3 Qxc3+ 30. Ke4 Qc6+ 31. Rd5 Qxc8 32. Qg2 Qc4+ 33. Rd4 Rf4+ 34. Kxf4 Qxd4+ 35. Kf5 Qd3+ 36. Qe4 Qb3 37. Qf4 Qf7+ 38. Kg5 Nf3+ 39. Kg4 Ne5+ 40. Kg3 Qb3+ 41. Kh4 Nf3+ 42. Kg4 Ne5+ 43. Kg5 Qg8+ 44. Kh4 1-0


[Site "https://www.chess.com"]

[Event "Titled Tuesday Blitz November 15 Late 2022"]
[White "Saveliev, Alexei"]
[Black "Artemenko, Oleg"]
[WhiteFideId "24128546"]
[BlackFideId "14201798"]
[WhiteElo "2290"]
[BlackElo "2287"]
[Result "1-0"]
[Round "06"]
[TimeControl "180+1"]
[Date "2022.11.16"]
[WhiteClock "0:00:01"]
[BlackClock "0:00:07"]

1. c4 e6 2. Nc3 d5 3. cxd5 exd5 4. d4 h6 5. Nf3 Nf6 6. Bf4 c6 7. e3 Be7 8. Bd3 Nbd7 9. O-O Nf8 10. Qc2 Ne6 11. Bg3 O-O 12. Rab1 a5 13. a3 Nh5 14. b4 Nxg3 15. hxg3 axb4 16. axb4 Bf6 17. Rfd1 Ra3 18. Qb2 Ra8 19. Qb3 Bd7 20. b5 Qc7 21. Rdc1 Qd6 22. Na4 Ra5 23. Nb6 Be8 24. Ra1 Rxa1 25. Rxa1 Nc7 26. bxc6 Bxc6 27. Ra5 g6 28. Qb1 Kg7 29. Nh2 h5 30. Nf3 Ne6 31. Qb3 Rd8 32. Qa3 Qc7 33. Qb3 Qd6 34. Qa3 Qxa3 35. Rxa3 Rb8 36. Rb3 Nc7 37. Rb1 Na8 38. Kf1 Bd8 39. Nxa8 Rxa8 40. Ne5 Ra3 41. Bb5 Rc3 42. Bxc6 bxc6 43. Rb7 Ba5 44. Rxf7+ Kh6 45. g4 hxg4 46. Nxg4+ Kh5 47. Ne5 Kg5 48. Ke2 Rc2+ 49. Kf3 Be1 50. Kg3 Re2 51. Rf3 Ba5 52. Nf7+ Kh5 53. Kf4 Bc7+ 54. Ne5 g5+ 55. Kf5 g4 56. Rf4 g3 57. fxg3 Bd8 58. g4+ Kh6 59. g5+ Kg7 60. g4 Rxe3 61. Nxc6 Bc7 62. Ne5 Ra3 63. Ke6 Ra6+ 64. Kxd5 Bd8 65. Rf7+ Kg8 66. g6 Ra5+ 67. Ke6 Ra6+ 68. Kf5 Bh4 69. Rd7 Ra8 70. d5 Rf8+ 71. Rf7 Rd8 72. Ke6 Re8+ 73. Kf5 Rd8 74. Nd7 Rc8 75. d6 Rd8 76. Ke6 Re8+ 77. Kd5 Re1 78. Nf6+ Bxf6 79. Rxf6 Kg7 80. Re6 Rd1+ 81. Kc6 Rc1+ 82. Kd7 Ra1 83. Ke7 Ra7+ 84. d7 Rb7 85. g5 Ra7 86. Ke8 Kg8 87. d8=Q Rg7 88. Re7 Rxg6 89. Kd7# 1-0


[Site "https://www.chess.com"]

[Event "Titled Tuesday Blitz November 15 Late 2022"]
[White "Shapiro, Daniel"]
[Black "Espinosa, Pedro"]
[WhiteFideId "2001780"]
[BlackFideId "30921066"]
[WhiteElo "2316"]
[BlackElo "2016"]
[Result "0-1"]
[Round "06"]
[TimeControl "180+1"]
[Date "2022.11.16"]
[WhiteClock "0:00:09"]
[BlackClock "0:00:11"]

1. d4 d5 2. c4 c6 3. Nf3 Nf6 4. Qb3 dxc4 5. Qxc4 Bf5 6. Nc3 e6 7. g3 b5 8. Qb3 Nbd7 9. Bg2 Rc8 10. O-O Be7 11. Nh4 Bg6 12. e4 O-O 13. h3 a6 14. f4 c5 15. d5 c4 16. Qd1 Bc5+ 17. Kh2 exd5 18. Nxg6 hxg6 19. e5 Ne4 20. Nxd5 Nf2 21. Qf3 Nd3 22. b3 Nb6 23. bxc4 bxc4 24. e6 fxe6 25. Nxb6 Qxb6 26. Qe4 Bd4 27. Ba3 Bxa1 28. Bxf8 Bf6 29. Ba3 Kf7 30. h4 Qd4 31. Qb7+ Be7 32. Qxc8 Qc3 33. Bxe7 Kxe7 34. Bh3 Qd2+ 35. Kh1 Qe2 36. Qxe6+ Qxe6 37. Bxe6 Kxe6 38. Rf3 Kd5 39. Kg1 Ke4 40. Rf1 c3 0-1


[Site "https://www.chess.com"]

[Event "Titled Tuesday Blitz November 15 Late 2022"]
[White "Shimanov, Aleksandr"]
[Black "Riehle, Marco"]
[WhiteFideId "4198603"]
[BlackFideId "12904392"]
[WhiteElo "2605"]
[BlackElo "2462"]
[Result "1-0"]
[Round "06"]
[TimeControl "180+1"]
[Date "2022.11.15"]
[WhiteClock "0:00:06"]
[BlackClock "0:00:10"]

1. e4 e5 2. Nf3 Nf6 3. Nc3 Nc6 4. h3 Bc5 5. Nxe5 O-O 6. Nxc6 dxc6 7. d3 b5 8. Be2 a5 9. O-O a4 10. a3 Bd4 11. Be3 Rb8 12. Bxd4 Qxd4 13. Qd2 Rd8 14. Qe3 c5 15. Rac1 Bd7 16. Qxd4 cxd4 17. Na2 Be6 18. Nb4 Rb6 19. c3 c5 20. Nc2 dxc3 21. bxc3 Bb3 22. f3 h5 23. Rfd1 h4 24. Rd2 Nh5 25. d4 Nf4 26. Bf1 Bxc2 27. Rcxc2 cxd4 28. cxd4 b4 29. axb4 Rxb4 30. d5 Rb1 31. Kf2 g5 32. Rc5 a3 33. Ra5 Rb2 34. Rxb2 axb2 35. Rb5 f5 36. Rxb2 Re8 37. Rb4 Kf7 38. Ra4 Kf6 39. Ra6+ Kf7 40. exf5 Rb8 41. d6 Rb2+ 42. Ke3 Rb3+ 43. Kd4 Rb1 44. Bc4+ Kf6 45. d7+ Ke7 46. f6+ Kxd7 47. Ra7+ Kd8 48. f7 Ng6 49. Ra8+ Ke7 50. Re8+ Kd6 51. f8=Q+ Nxf8 52. Rxf8 Rb2 53. Rf6+ Ke7 54. Rf7+ Kd6 55. Rf6+ Ke7 56. Re6+ Kd7 57. Re2 Rb1 58. Bd3 Rb4+ 59. Kd5 Rb8 60. Bf5+ Kc7 61. Re4 Rd8+ 62. Ke6 Rf8 63. Rg4 Rg8 64. Kf6 Rb8 65. Rxg5 Kd6 66. Rg6 Rf8+ 67. Kg5+ Kc5 68. f4 Kd4 69. Bg4 Ke3 70. Re6+ Kf2 71. f5 Kg1 72. f6 Rd8 73. f7 Rb8 74. Re8 Rb2 75. f8=Q Rxg2 76. Re1+ Kh2 77. Qf4+ Rg3 78. Re2+ Kh1 79. Qe4+ Kg1 80. Qb1# 1-0


[Site "https://www.chess.com"]

[Event "Titled Tuesday Blitz November 15 Late 2022"]
[White "Silva Lucena, Cristian"]
[Black "Martinez Reyes, Pedro Ramon"]
[WhiteFideId "2232588"]
[BlackFideId "3901807"]
[WhiteElo "2223"]
[BlackElo "2354"]
[Result "1-0"]
[Round "06"]
[TimeControl "180+1"]
[Date "2022.11.16"]
[WhiteClock "0:00:11"]
[BlackClock "0:00:07"]

1. e4 c6 2. d4 d5 3. e5 Bf5 4. h4 h5 5. Bd3 Qc8 6. Nf3 Bxd3 7. Qxd3 Qg4 8. O-O Nh6 9. c4 Qe4 10. Qb3 b6 11. Nc3 dxc4 12. Qxc4 Qg4 13. Bg5 f6 14. Be3 Nf5 15. Rfe1 b5 16. Nxb5 Nxe3 17. Rxe3 cxb5 18. Qd5 g5 19. Qxa8 gxh4 20. Qxb8+ Kf7 21. e6+ Kg6 22. Qb7 Bh6 23. Qe4+ f5 24. Ne5+ Kf6 25. Nxg4+ hxg4 26. Qe5+ Kg6 27. Ree1 Bg7 28. Qxb5 h3 29. g3 Bxd4 30. Qd3 Bf6 31. Kh2 Rb8 32. b3 Rc8 33. Rac1 Rb8 34. Rc5 Rd8 35. Qxf5+ Kg7 36. Qxg4+ Kf8 37. Qg6 Rd2 38. Qf7# 1-0


[Site "https://www.chess.com"]

[Event "Titled Tuesday Blitz November 15 Late 2022"]
[White "Sivakumar, Shaashwath"]
[Black "Arbunic Castro, Giovanna"]
[WhiteFideId "30912156"]
[BlackFideId "3400549"]
[WhiteElo "2137"]
[BlackElo "1954"]
[Result "1-0"]
[Round "06"]
[TimeControl "180+1"]
[Date "2022.11.16"]
[WhiteClock "0:00:12"]
[BlackClock "0:00:02"]

1. d4 Nf6 2. c4 g6 3. Nc3 Bg7 4. e4 d6 5. f3 Nbd7 6. Nge2 c5 7. d5 O-O 8. Ng3 a6 9. a4 Qb6 10. Be2 e6 11. O-O exd5 12. cxd5 c4+ 13. Kh1 Ne5 14. a5 Qc5 15. Bd2 b5 16. axb6 Qxb6 17. Na4 Qb3 18. Qxb3 cxb3 19. Rfc1 Rb8 20. Ba5 Bd7 21. Bc7 Rb4 22. Bxd6 Rxa4 23. Rxa4 Bxa4 24. Bxe5 Nxe4 25. Bxg7 Nxg3+ 26. hxg3 Kxg7 27. Bxa6 Rd8 28. Bb7 Kf6 29. Bc6 Ke5 30. Bxa4 Rxd5 31. Re1+ Kf6 32. Re2 Rd3 33. Kg1 Kg5 34. Kf2 f5 35. Bb5 Rd1 36. Bc4 Rd4 37. f4+ Kg4 38. Bxb3 Rb4 39. Bd1 Kh5 40. Re4+ Kh6 41. Rxb4 Kg7 42. Rb7+ Kf6 43. b3 Ke6 44. b4 Kd6 45. Rxh7 Kc6 46. Rg7 Kb5 47. Rxg6 Kxb4 48. Rf6 Kc3 49. Rxf5 Kd2 50. Re5 1-0


[Site "https://www.chess.com"]

[Event "Titled Tuesday Blitz November 15 Late 2022"]
[White "Sjugirov, Sanan"]
[Black "Indjic, Aleksandar"]
[WhiteFideId "4189302"]
[BlackFideId "911925"]
[WhiteElo "2611"]
[BlackElo "2592"]
[Result "0-1"]
[Round "06"]
[TimeControl "180+1"]
[Date "2022.11.15"]
[WhiteClock "0:00:01"]
[BlackClock "0:01:11"]

1. d4 Nf6 2. Nf3 e6 3. Bg5 h6 4. Bh4 d5 5. e3 c5 6. Nbd2 Nbd7 7. c3 Bd6 8. Bd3 Qc7 9. Qe2 b6 10. e4 dxe4 11. Nxe4 Nxe4 12. Bxe4 Bb7 13. Bxb7 Qxb7 14. O-O O-O 15. Rad1 Rfe8 16. Rd3 c4 17. Re3 b5 18. Bg3 Bf8 19. Ne5 Nb6 20. f4 Nd5 21. Ref3 f5 22. Bh4 Bd6 23. h3 Bxe5 24. Qxe5 Qc7 25. Qe2 a5 26. g4 b4 27. Qg2 bxc3 28. bxc3 Qf7 29. Re1 Rab8 30. Kh2 Rb7 31. Re5 Reb8 32. Re2 a4 33. Be1 a3 34. Bd2 Rb2 35. gxf5 exf5 36. Rg3 Nf6 37. Qc6 Ne4 38. Rgg2 Rxa2 39. Be1 Rxe2 40. Rxe2 Kh7 41. Rg2 Rb1 42. Bg3 Rb3 0-1


[Site "https://www.chess.com"]

[Event "Titled Tuesday Blitz November 15 Late 2022"]
[White "Sohal, Tanraj"]
[Black "Foerster-Yialamas, Lucas"]
[WhiteFideId "2608499"]
[BlackFideId "30901774"]
[WhiteElo "2200"]
[BlackElo "2067"]
[Result "1-0"]
[Round "06"]
[TimeControl "180+1"]
[Date "2022.11.16"]
[WhiteClock "0:01:03"]
[BlackClock "0:00:10"]

1. e4 e6 2. Nf3 d5 3. exd5 exd5 4. d4 c5 5. c4 cxd4 6. Nxd4 Nf6 7. Be2 dxc4 8. O-O Bc5 9. Nb5 Qb6 10. Bxc4 O-O 11. N1c3 a6 12. Na4 Qc6 13. Nbc3 Ba7 14. Be2 Be6 15. Bf4 Nd5 16. Bf3 Nxc3 17. Nxc3 Qb6 18. Nd5 Bxd5 19. Bxd5 Nc6 20. Rc1 Qxb2 21. Rb1 Qf6 22. Bc7 Rac8 23. Rxb7 Bd4 24. Bg3 Rfd8 25. Rxf7 Qxf7 26. Bxf7+ Kxf7 27. Qh5+ Kg8 28. h3 Bf6 29. Rd1 Rxd1+ 30. Qxd1 Rd8 31. Qb3+ Kh8 32. Qb6 Ne5 33. Qxa6 Nd3 34. Bc7 Re8 35. Qxd3 1-0


[Site "https://www.chess.com"]

[Event "Titled Tuesday Blitz November 15 Late 2022"]
[White "Sonnenschein, Philipp"]
[Black "Andreassen, Lars"]
[WhiteFideId "16250877"]
[BlackFideId "1504878"]
[WhiteElo "2225"]
[BlackElo "2119"]
[Result "1/2-1/2"]
[Round "06"]
[TimeControl "180+1"]
[Date "2022.11.16"]
[WhiteClock "0:00:19"]
[BlackClock "0:00:11"]

1. e4 g6 2. d4 Bg7 3. Nc3 d6 4. f4 a6 5. Nf3 b5 6. Bd3 Bb7 7. Qe2 Nd7 8. O-O c5 9. dxc5 Nxc5 10. e5 dxe5 11. fxe5 Nxd3 12. cxd3 Nh6 13. Bg5 O-O 14. Rad1 Nf5 15. d4 Qb6 16. Kh1 Bxf3 17. Rxf3 Nxd4 18. Qe3 Rfd8 19. Rf4 b4 20. Na4 Qb5 21. Rfxd4 Rxd4 22. Qxd4 Qxa4 23. Bxe7 Qxa2 24. Bf6 Bf8 25. h4 h5 26. Rc1 Qe6 27. Rc7 Rc8 28. Qa7 Rxc7 29. Qxc7 Qg4 30. Qb8 Qd7 31. Kh2 a5 32. Qa8 a4 33. Bg5 Kg7 34. Bf6+ Kg8 35. Bg5 Kg7 36. Bf6+ Kg8 1/2-1/2


[Site "https://www.chess.com"]

[Event "Titled Tuesday Blitz November 15 Late 2022"]
[White "Stanisz, Patryk"]
[Black "Souleidis, Georgios"]
[WhiteFideId "1123106"]
[BlackFideId "4206827"]
[WhiteElo "2069"]
[BlackElo "2401"]
[Result "0-1"]
[Round "06"]
[TimeControl "180+1"]
[Date "2022.11.16"]
[WhiteClock "0:00:02"]
[BlackClock "0:00:21"]

1. d4 d5 2. c4 e6 3. Nc3 c5 4. e3 Nf6 5. Nf3 a6 6. a3 Nc6 7. Rb1 dxc4 8. Bxc4 b5 9. Be2 cxd4 10. exd4 Bb7 11. O-O Be7 12. Bf4 O-O 13. Qd2 Rc8 14. Rbd1 Na5 15. Bd3 Bxf3 16. gxf3 Nc4 17. Qe2 Nd5 18. Nxd5 exd5 19. Kh1 Bd6 20. Bxd6 Qxd6 21. Rde1 Qf6 22. b3 Nxa3 23. Rg1 g6 24. Ra1 b4 25. Bxa6 Rce8 26. Qd1 Re6 27. Be2 Rfe8 28. Ra2 Nb1 29. Qxb1 Rxe2 30. Rxe2 Rxe2 31. Qd3 Rxf2 32. Rg3 Qf4 33. Kg1 Rd2 34. Qb5 Qxd4+ 35. Kh1 Qe3 0-1


[Site "https://www.chess.com"]

[Event "Titled Tuesday Blitz November 15 Late 2022"]
[White "Steinberg, Nitzan"]
[Black "Mgeladze, Tamaz"]
[WhiteFideId "2801795"]
[BlackFideId "13601202"]
[WhiteElo "2491"]
[BlackElo "2288"]
[Result "1-0"]
[Round "06"]
[TimeControl "180+1"]
[Date "2022.11.15"]
[WhiteClock "0:00:22"]
[BlackClock "0:00:11"]

1. d4 Nf6 2. Nf3 g6 3. Nbd2 Bg7 4. e4 d6 5. c3 O-O 6. Bd3 Nc6 7. O-O e5 8. h3 a5 9. Re1 Re8 10. Bb5 Bd7 11. d5 Ne7 12. Bf1 Nh5 13. c4 h6 14. b3 Rf8 15. c5 dxc5 16. Nc4 Nc8 17. Ncxe5 Re8 18. Bb2 Nd6 19. Qc2 b6 20. Rad1 Qe7 21. a4 Rad8 22. Nxd7 Rxd7 23. e5 Nf5 24. Bb5 Nf4 25. Bxd7 Qxd7 26. Qe4 g5 27. e6 fxe6 28. dxe6 Qxe6 29. Qb1 Ne2+ 30. Rxe2 Qxe2 31. Re1 Qxb2 32. Rxe8+ Kf7 33. Qe4 Qf6 34. Rc8 Qe6 35. Rxc7+ Kf6 36. Rc6 Nd6 37. Qd3 Ke7 38. Rxb6 Be5 39. Qh7+ Ke8 40. Rb8+ Nc8 41. Rxc8+ Qxc8 42. Nxe5 Qe6 43. Qe4 h5 44. Qg6+ Ke7 45. Qxe6+ Kxe6 46. Nc6 c4 47. bxc4 Kd6 48. Nxa5 Kc5 49. Nb3+ Kxc4 50. a5 Kb5 51. Kh2 g4 52. hxg4 hxg4 53. Kg3 Kb4 54. a6 1-0


[Site "https://www.chess.com"]

[Event "Titled Tuesday Blitz November 15 Late 2022"]
[White "Storey, Charles H"]
[Black "Djokic, Mihailo"]
[WhiteFideId "406686"]
[BlackFideId "976440"]
[WhiteElo "2252"]
[BlackElo "2315"]
[Result "1-0"]
[Round "06"]
[TimeControl "180+1"]
[Date "2022.11.16"]
[WhiteClock "0:00:07"]
[BlackClock "0:00:53"]

1. c4 e5 2. g3 Nc6 3. Bg2 Bc5 4. a3 a6 5. b4 Ba7 6. e3 Nf6 7. Nc3 O-O 8. Nge2 d6 9. d4 exd4 10. exd4 Re8 11. O-O Bg4 12. Be3 Qd7 13. Qd2 Bh3 14. Bxh3 Qxh3 15. Nf4 Qd7 16. Ncd5 Ne4 17. Qd3 Nd8 18. Rae1 c6 19. Nc3 Ng5 20. Kg2 b5 21. c5 d5 22. h4 Ne4 23. Bd2 f5 24. f3 Nf6 25. Rxe8+ Nxe8 26. Nh3 g6 27. Re1 Nf7 28. Qe2 Ng7 29. Ng5 Re8 30. Qf2 Nxg5 31. Bxg5 Bb8 32. Bh6 Rxe1 33. Qxe1 Ne6 34. Ne2 Kf7 35. Qf2 Qe7 36. Qe3 Qf6 37. Bg5 Nxg5 38. hxg5 Qd8 39. f4 Qd7 40. Ng1 Kg7 41. Nf3 Bc7 42. Kf2 a5 43. Ne5 Qe8 44. bxa5 Bxa5 45. Qb3 Bc7 46. a4 Bxe5 47. dxe5 Qe7 48. Qb4 bxa4 49. Ke3 a3 50. Kd4 a2 51. Qa3 Qb7 52. Qxa2 Qb4+ 53. Kd3 Qxc5 54. Qa8 Qc4+ 55. Ke3 Qc3+ 56. Kf2 Qd2+ 57. Kf3 Qd3+ 58. Kg2 Qd4 59. Qb7+ Kf8 60. Qc8+ Ke7 61. Qc7+ Ke6 62. Qxc6+ Ke7 63. Qd6+ Ke8 64. Qe6+ Kd8 65. Qf6+ Kc7 66. Qd6+ Kb7 67. Qd7+ Kb6 68. Qd8+ Kc5 69. Qa5+ Kc4 70. Qa4+ Kc5 71. Qxd4+ Kxd4 72. e6 Kc3 73. e7 d4 74. e8=Q d3 75. Qc6+ Kd4 76. Kf2 d2 77. Ke2 1-0


[Site "https://www.chess.com"]

[Event "Titled Tuesday Blitz November 15 Late 2022"]
[White "Svane, Frederik"]
[Black "Shuvalova, Polina"]
[WhiteFideId "12923044"]
[BlackFideId "24171760"]
[WhiteElo "2466"]
[BlackElo "2342"]
[Result "1-0"]
[Round "06"]
[TimeControl "180+1"]
[Date "2022.11.15"]
[WhiteClock "0:00:08"]
[BlackClock "0:00:04"]

1. c4 e6 2. Nc3 d5 3. d4 Nf6 4. cxd5 Nxd5 5. Nf3 c5 6. e4 Nxc3 7. bxc3 cxd4 8. cxd4 Bb4+ 9. Bd2 Bxd2+ 10. Qxd2 O-O 11. Bc4 Nd7 12. O-O b6 13. Rfe1 Bb7 14. Re3 Rc8 15. Bd3 Nf6 16. Rae1 h6 17. Bb1 Qc7 18. Ra3 a5 19. e5 Nd5 20. Qd3 g6 21. Qd2 Kg7 22. h4 Qe7 23. Rb3 a4 24. Rb2 Nc3 25. Re3 Nxb1 26. Rxb1 Bxf3 27. Rxf3 Qxh4 28. Rxb6 Rc7 29. Rf4 Qd8 30. Rd6 Qg5 31. g3 Rfc8 32. Kg2 a3 33. Qe3 Rc3 34. Qe4 R8c7 35. Rb6 Rc2 36. Rb8 Rc8 37. Rxc8 Rxc8 38. Rxf7+ Kxf7 39. Qb7+ Qe7 40. Qxc8 g5 41. Qc6 Kg6 42. d5 Kf5 43. Qxe6+ Qxe6 44. dxe6 Kxe6 45. f4 Kf5 46. Kf3 g4+ 47. Kf2 h5 48. Ke3 Ke6 49. Ke4 Ke7 50. f5 Kf7 51. Kf4 Kg7 52. Kg5 Kf7 53. Kxh5 1-0


[Site "https://www.chess.com"]

[Event "Titled Tuesday Blitz November 15 Late 2022"]
[White "Swiercz, Dariusz"]
[Black "Cardoso Cardoso, Jose Gabriel"]
[WhiteFideId "1126881"]
[BlackFideId "4430492"]
[WhiteElo "2627"]
[BlackElo "2484"]
[Result "1-0"]
[Round "06"]
[TimeControl "180+1"]
[Date "2022.11.15"]
[WhiteClock "0:00:42"]
[BlackClock "0:00:01"]

1. e4 c5 2. Nf3 d6 3. Bb5+ Nd7 4. Ba4 g6 5. O-O Bg7 6. c3 Nf6 7. Re1 O-O 8. d4 e5 9. dxe5 Nxe5 10. Nxe5 dxe5 11. c4 Qxd1 12. Bxd1 Be6 13. Bb3 Nd7 14. Nc3 Nb6 15. Nd5 Bxd5 16. cxd5 Nc8 17. Be3 b6 18. Ba4 f5 19. exf5 gxf5 20. Bg5 a6 21. d6 Bf6 22. Bxf6 Rxf6 23. d7 Nd6 24. Rxe5 b5 25. Bc2 c4 26. Rd1 Kf7 27. Bxf5 Rd8 28. Bg4 b4 29. h3 c3 30. bxc3 bxc3 31. Rc1 Nb5 32. a4 Nd4 33. Rxc3 Rd6 34. Rc8 1-0


[Site "https://www.chess.com"]

[Event "Titled Tuesday Blitz November 15 Late 2022"]
[White "Szente Varga, Fruzsina"]
[Black "Szyszylo, Rafal"]
[WhiteFideId "712264"]
[BlackFideId "1109626"]
[WhiteElo "1994"]
[BlackElo "1981"]
[Result "1-0"]
[Round "06"]
[TimeControl "180+1"]
[Date "2022.11.16"]
[WhiteClock "0:00:45"]
[BlackClock "0:00:08"]

1. e4 d6 2. d4 Nf6 3. Nc3 g6 4. Be3 c6 5. f3 b5 6. Qd2 Nbd7 7. O-O-O Nb6 8. Bd3 Nc4 9. Bxc4 bxc4 10. Re1 Rb8 11. Nd1 Qb6 12. e5 dxe5 13. dxe5 Qa6 14. exf6 Qxa2 15. Qc3 Rg8 16. fxe7 Bg7 17. Bd4 Bh6+ 18. Ne3 Bf5 19. g4 Be6 20. h4 c5 21. Be5 Rb7 22. g5 Rd7 23. Qa3 Qxa3 24. bxa3 Bg7 25. Bf6 Rxe7 26. Bxe7 Kxe7 27. Nxc4 Rb8 28. Nh3 Kf8 29. Ne5 Re8 30. Nf4 Bc8 31. Nc6 Bb7 32. Rxe8+ Kxe8 33. Re1+ Kd7 34. Ne5+ Ke8 35. Nexg6+ Kd8 36. Ne5 Ke8 37. Nh5 Bf8 38. Ng6+ Be7 1-0


[Site "https://www.chess.com"]

[Event "Titled Tuesday Blitz November 15 Late 2022"]
[White "Tan, Ralph"]
[Black "Sailer, Mike"]
[WhiteFideId "30966590"]
[BlackFideId "2012901"]
[WhiteElo "2059"]
[BlackElo "2109"]
[Result "1-0"]
[Round "06"]
[TimeControl "180+1"]
[Date "2022.11.16"]
[WhiteClock "0:00:34"]
[BlackClock "0:00:01"]

1. Nf3 d5 2. g3 Bf5 3. Bg2 e6 4. O-O Nf6 5. d4 Be7 6. Nh4 Bg4 7. h3 Bh5 8. g4 Ne4 9. gxh5 Bxh4 10. c4 c6 11. Nc3 Nxc3 12. bxc3 O-O 13. h6 g6 14. c5 Nd7 15. Rb1 b6 16. cxb6 axb6 17. Qc2 e5 18. e4 exd4 19. cxd4 dxe4 20. Bxe4 Rc8 21. Be3 c5 22. dxc5 Nxc5 23. Bg2 Bf6 24. Rfd1 Qc7 25. Rd5 Rfd8 26. Rbd1 Rxd5 27. Rxd5 Rd8 28. Rxd8+ Qxd8 29. Bxc5 bxc5 30. Qxc5 Bg5 31. Bd5 Bxh6 32. Qc4 Qg5+ 33. Kf1 Qc1+ 34. Qxc1 Bxc1 35. a4 Ba3 36. a5 Kf8 37. a6 Bc5 38. Ke2 Ke7 39. f4 f6 40. Kd3 g5 41. Kc4 Kd6 42. fxg5 fxg5 43. Be4 1-0


[Site "https://www.chess.com"]

[Event "Titled Tuesday Blitz November 15 Late 2022"]
[White "Tanenbaum, Zachary"]
[Black "Kaplan, Avi Harrison"]
[WhiteFideId "2060850"]
[BlackFideId "30934559"]
[WhiteElo "2175"]
[BlackElo "1983"]
[Result "1-0"]
[Round "06"]
[TimeControl "180+1"]
[Date "2022.11.16"]
[WhiteClock "0:00:59"]
[BlackClock "0:00:02"]

1. e4 c5 2. Nf3 d6 3. d4 cxd4 4. Nxd4 Nf6 5. Nc3 a6 6. Be3 e5 7. Nb3 Be6 8. h3 Nbd7 9. g4 h6 10. Qd2 Rc8 11. O-O-O b5 12. Kb1 Be7 13. f4 b4 14. Nd5 Nxe4 15. Qxb4 Bxd5 16. Rxd5 Ndf6 17. Rd1 exf4 18. Bb6 Rb8 19. Bb5+ axb5 20. Bxd8 Rxd8 21. Qxb5+ Kf8 22. Rhe1 g6 23. Nd4 Kg7 24. Nc6 Rd7 25. h4 g5 26. hxg5 hxg5 27. Nd4 d5 28. Nf5+ Kg6 29. a3 Bxa3 30. Rxe4 dxe4 31. Rxd7 Nxd7 32. Qxd7 Bc5 33. Qc6+ f6 34. Qxc5 Rh7 35. Qd5 e3 36. Qg8+ Rg7 37. Qxg7# 1-0


[Site "https://www.chess.com"]

[Event "Titled Tuesday Blitz November 15 Late 2022"]
[White "Ter-Sahakyan, Samvel"]
[Black "Hakobyan, Aram"]
[WhiteFideId "13302531"]
[BlackFideId "13306677"]
[WhiteElo "2584"]
[BlackElo "2563"]
[Result "1-0"]
[Round "06"]
[TimeControl "180+1"]
[Date "2022.11.15"]
[WhiteClock "0:00:02"]
[BlackClock "0:00:01"]

1. d4 f5 2. Bg5 c6 3. Nc3 Nf6 4. e3 d5 5. Bd3 Be6 6. Nf3 g6 7. Ne2 Bg7 8. h3 Nbd7 9. Bf4 O-O 10. O-O Kh8 11. Rc1 b5 12. b3 Ne4 13. c4 b4 14. cxd5 Bxd5 15. Bc4 Qa5 16. Ng5 Nxg5 17. Bxg5 e5 18. Be7 Rfe8 19. Bxd5 cxd5 20. Bd6 Re6 21. dxe5 Nxe5 22. Bxe5 Rxe5 23. Qd2 Re7 24. Rc6 Qb5 25. Rfc1 Rae8 26. Rc8 a5 27. Nd4 Qb7 28. Rxe8+ Rxe8 29. Nc6 Bc3 30. Rxc3 bxc3 31. Qxc3+ Kg8 32. Nxa5 Qa7 33. b4 f4 34. exf4 Re2 35. Qf3 Re4 36. a3 Qd4 37. g3 Qa1+ 38. Kg2 Kg7 39. Nc6 Re1 40. Ne5 Rh1 41. Qe2 Rg1+ 42. Kf3 Rb1 43. Kg4 Qc3 44. Qb5 Qc8+ 45. Kf3 Rb3+ 46. Kg2 Qa8 47. Qd7+ Kh8 48. Nf7+ Kg7 49. Ng5+ Kg8 50. Qf7+ 1-0


[Site "https://www.chess.com"]

[Event "Titled Tuesday Blitz November 15 Late 2022"]
[White "Timmermans, Mark"]
[Black "Garcia Ramos, Daniel"]
[WhiteFideId "1026399"]
[BlackFideId "32010311"]
[WhiteElo "2460"]
[BlackElo "2357"]
[Result "1-0"]
[Round "06"]
[TimeControl "180+1"]
[Date "2022.11.16"]
[WhiteClock "0:00:46"]
[BlackClock "0:00:19"]

1. b4 e5 2. Bb2 d6 3. b5 g6 4. a4 Bg7 5. e3 Ne7 6. c4 O-O 7. Nf3 f5 8. Be2 Nd7 9. O-O a6 10. Nc3 e4 11. Nd4 Nc5 12. f3 Bd7 13. Qc2 exf3 14. Bxf3 g5 15. Nd5 Ng6 16. Nb3 Nxb3 17. Qxb3 Bxb2 18. Qxb2 g4 19. Be2 Be6 20. Nf4 Nxf4 21. Rxf4 Qf6 22. Qxf6 Rxf6 23. Bxg4 axb5 24. cxb5 Kg7 25. Bf3 d5 26. Rc1 Rf7 27. g3 Kf6 28. Rc5 Ke5 29. Rd4 Kd6 30. Rc3 c5 31. bxc6 bxc6 32. Rb4 Ra6 33. d4 Rfa7 34. Bd1 Kc7 35. Rc5 Rb6 36. Rxb6 Kxb6 37. Kf2 Bc8 38. Bc2 Rf7 39. Kf3 Ba6 40. a5+ Kc7 41. Ba4 Rf6 42. Kf4 Bb7 43. Ke5 Rf8 44. Kf4 Re8 45. a6 Ba8 46. a7 Kb6 47. Kxf5 Rxe3 48. Bxc6 Bxc6 49. Rxc6+ Kxa7 50. Rh6 Re7 51. Kf6 Rb7 52. Ke5 Kb8 53. Kxd5 Kc8 54. Ke5 Re7+ 55. Re6 Rg7 56. d5 Kd7 57. Rf6 h5 58. Rh6 Rg5+ 59. Ke4 Ke7 60. d6+ Kd7 61. Kf4 Rd5 62. Rf6 Rd2 63. h4 Rd3 64. Rf5 Kxd6 65. Rxh5 Ke7 66. Rf5 Ke6 67. g4 Rd4+ 68. Kg5 Rd8 69. h5 Rg8+ 70. Kh4 Rb8 71. h6 Rb1 72. Kg5 Rh1 73. Kg6 Rh4 74. g5 Rh1 75. h7 Rh4 76. Rf6+ Ke7 77. Kg7 1-0


[Site "https://www.chess.com"]

[Event "Titled Tuesday Blitz November 15 Late 2022"]
[White "Toncheva, Nadya"]
[Black "Harshal, Shahi"]
[WhiteFideId "2924056"]
[BlackFideId "5048257"]
[WhiteElo "2101"]
[BlackElo "2054"]
[Result "1-0"]
[Round "06"]
[TimeControl "180+1"]
[Date "2022.11.16"]
[WhiteClock "0:00:27"]
[BlackClock "0:00:05"]

1. e4 c5 2. Nf3 d6 3. d4 cxd4 4. Nxd4 Nf6 5. Nc3 g6 6. Be3 Bg7 7. Bc4 Nc6 8. Qd2 Ng4 9. Nxc6 bxc6 10. Bg5 Qa5 11. O-O h6 12. Bh4 O-O 13. Rad1 Kh7 14. Bxe7 Re8 15. Bxd6 Rd8 16. Qf4 f5 17. Bc7 Rxd1 18. Bxa5 Be5 19. Qf3 1-0


[Site "https://www.chess.com"]

[Event "Titled Tuesday Blitz November 15 Late 2022"]
[White "Tsydypov, Zhamsaran"]
[Black "Melkumyan, Hrant"]
[WhiteFideId "4108566"]
[BlackFideId "13302485"]
[WhiteElo "2591"]
[BlackElo "2604"]
[Result "1-0"]
[Round "06"]
[TimeControl "180+1"]
[Date "2022.11.15"]
[WhiteClock "0:00:21"]
[BlackClock "0:00:04"]

1. e4 c5 2. Nf3 Nc6 3. d4 cxd4 4. Nxd4 g6 5. Nc3 Bg7 6. Be3 Nf6 7. f3 d5 8. Bb5 Bd7 9. exd5 Nxd4 10. Bxd7+ Qxd7 11. Qxd4 O-O 12. O-O-O Rfc8 13. Qa4 Qd8 14. Rhe1 a6 15. Bd4 b5 16. Qa3 Bf8 17. Qb3 Rc4 18. a4 Rac8 19. axb5 axb5 20. Qxb5 Ne8 21. Bb6 Qd6 22. Ne4 Qb8 23. Re2 f5 24. Nc3 Nd6 25. Qb3 Qa8 26. Qa2 Qb7 27. Qa7 Qxa7 28. Bxa7 Ra8 29. Be3 Bg7 30. Rd3 Rb8 31. Nd1 Ra4 32. b3 Ra2 33. Bd4 Bh6+ 34. Kb1 Rba8 35. Rxe7 Nb5 36. Bb2 R2a6 37. b4 Nd6 38. Re6 Bf8 39. Ne3 Rb6 40. Rb3 Rb7 41. Be5 Nb5 42. c4 Na3+ 43. Kb2 Rba7 44. d6 Bh6 45. f4 Kf7 46. Re7+ Rxe7 47. dxe7 Kxe7 48. Rxa3 1-0


[Site "https://www.chess.com"]